 Dungeon Crawl Stone Soup version 0.31-a0-152-g6aa68a64a1 (webtiles) character file.

Game seed: 12682054785628937958

11 comborobin the Sneak (level 2, 0/18 HPs)
             Began as a Deep Elf Delver on June 10, 2023.
             Slain by a gnoll
             ... wielding a +0 whip
             ... led by a gnoll bouda
              (1 damage)
             ... on level 5 of the Dungeon.
             The game lasted 00:02:07 (328 turns).

comborobin the Sneak (Deep Elf Delver)               Turns: 328, Time: 00:02:07

Health: 0/18       AC:  4    Str:  9    XL:     2   Next: 13%
Magic:  4/4        EV: 12    Int: 14    God:
Gold:   55         SH:  0    Dex: 16    Spells: 1/1 levels left

rFire   + . .        l - +3 dagger
rCold   + . .        (no shield)
rNeg    . . .        b - +1 leather armour
rPois   +            (no helmet)
rElec   +            (no cloak)
rCorr   +            (no gloves)
SInv    .            (no boots)
Will    .....        (no amulet)
Stlth   +++          h - +4 ring of slaying
HPRegen 0.23/turn    m - +4 ring of slaying
MPRegen 0.09/turn

%: no passive effects
@: lethally poisoned (0 -> -8), resistant, hasted, invisible, very quick
A: no striking features
a: no special abilities


You were on level 5 of the Dungeon.
You visited 1 branch of the dungeon, and saw 3 of its levels.

You collected 55 gold pieces.

Inventory:

Hand Weapons
 a - a +0 short sword
 l - a +3 dagger (weapon)
Armour
 b - a +1 leather armour (worn)
Magical Staves
 k - a staff of conjuration
Jewellery
 h - a +4 ring of slaying (left hand)
 m - a +4 ring of slaying (right hand)
Wands
 g - a wand of digging (3)
Scrolls
 c - a scroll of fog
 e - 2 scrolls of fear
Potions
 d - 2 potions of ambrosia


   Skills:
 - Level 2.4 Fighting
 + Level 2.9 Short Blades
 - Level 2.4 Dodging
 - Level 6.0 Stealth


You had one spell level left.
You didn't know any spells.
Your spell library was empty.

Dungeon Overview and Level Annotations

Branches:
Dungeon (6/15)             Temple (0/1) D:5

Altars:


Message History

The gnoll hits you with a +0 whip.
You puncture the gnoll!
You kill the gnoll!
You have reached level 2!
Hit: l) +3 dagger
Press: ? - help, Dir - move target, f - you
Okay, then.
It was a potion of ambrosia.
You are confused.
You feel invigorated.
You bump into the granite statue.
The gnoll hits you but does no damage.
A gnoll comes into view. It is wielding a +0 whip.
You closely miss the gnoll.
You're too confused to move!
The gnoll hits you with a +0 whip.
You puncture the gnoll!
The gnoll is severely wounded.
The gnoll barely misses you.
Things that are here:
a +0 whip; a gnoll corpse You feel less invigorated.
You feel less confused. The gnoll hits you with a +0 whip.
You puncture the gnoll bouda!
The gnoll bouda is heavily wounded.
The gnoll hits you from afar with a +1 spear of venom.
You are poisoned.
The gnoll bouda hits you with a +0 club!
The gnoll closely misses you.
It was a potion of resistance.
You feel protected.
* * * LOW HITPOINT WARNING * * *
You feel very sick.
The gnoll hits you from afar with a +1 spear of venom.
* * * LOW HITPOINT WARNING * * *
It was a potion of invisibility.
You fade into invisibility!
* * * LOW HITPOINT WARNING * * *
You feel sick.
The gnoll is no longer moving quickly.
The gnoll hits you with a +0 whip.
You die...

#...#.........#
#...##........#
###.......###### #
####....###### ####
#....#..# ...###
##.####.##
##...#####.#.8.#.#
###...........g######
####.##.8.>.8@.gg.#****
****...#......)g###....g#*
*,...###.##.8$#.# **###g.*
*#.###* #.*###...# **,,**
,.,* #.* ##### *,,** ,****
#.* **,** ,,,,****#.*
######g.# ***,,,,,,,*
##......#*
*******,,,#####..###***


You could see a gnoll bouda (unable to see you) and 3 gnolls.

Vanquished Creatures
  A gnoll (D:5)
  A goblin (D:5)
2 creatures vanquished.

Notes
Turn   | Place    | Note
-------+----------+-------------------------------------------
     0 | D:5      | comborobin the Deep Elf Delver began the quest for the Orb.
     0 | D:5      | Reached XP level 1. HP: 13/13 MP: 3/3
    69 | D:6      | Noticed a wight
    69 | D:6      | Noticed a wight
    69 | D:6      | Noticed a wight
   150 | D:4      | Noticed a jelly
   197 | D:4      | Noticed a phantom
   228 | D:5      | Found a staircase to the Ecumenical Temple.
   253 | D:4      | Noticed a hound
   308 | D:5      | Noticed a gnoll bouda
   319 | D:5      | Reached XP level 2. HP: 10/18 MP: 4/4
   328 | D:5      | Slain by a gnoll

Illustrated notes

Levels and vault maps discovered:
D:4:      layout_loops_cross, nicolae_uskayaw_en_pointe, uniq_blork_the_orc,
          uniq_robin
D:5:      layout_rooms, minmay_temple_entry_statues_pillars
D:6:      layout_rooms, nicolae_overflow_hidden_temple, serial_shops,
          shop_statue, st_stairs_7, centaur_isle, uniq_sigmund, uniq_menkaure,
          uniq_duvessa, uniq_edmund

Action                     || total
---------------------------++-------
  Melee: Dagger            ||     5
         Short sword       ||     1
    Use: Scroll            ||     2
         Potion            ||     4
 Armour: Leather armour    ||     1
  Dodge: Dodged            ||     2

Table legend: (Time is in decaauts)
 A = Elapsed time spent in this place.
 B = Non-inter-level travel time spent in this place.
 C = Inter-level travel time spent in this place.
 D = Time resting spent in this place.
 E = Time spent auto-exploring this place.
 F = Levels seen in this place.
 G = Mean time per level.
                   A        B        C        D        E       F      G
               +--------+--------+--------+--------+--------+-----+--------+
         Total |    317 |    317 |      0 |      7 |     42 |   3 |  105.7 |
       Dungeon |    317 |    317 |      0 |      7 |     42 |   3 |  105.7 |
               +--------+--------+--------+--------+--------+-----+--------+

Top non-repeatable levels by time:
     D:5: 194 daAuts
     D:4: 120 daAuts
     D:6: 1 daAuts
